Map: Babylon LE

Players

MrMojo

  • Race: Zerg Zerg
  • League: Diamond
  • Spawn Location: 11:00

TerranEZrace - Winner!

  • Race: Zerg Zerg
  • League: Diamond
  • Spawn Location: 5:00

VOD

Have the link to the VOD?

Description

ZvT

Time

  • Played on: June 25, 2023, 1:50 a.m.
  • Length: 49:04
Show
View Real Time Build Order
Export as new Build Order

MrMojo Zerg 

Build Orders: Pool First, Lurkers, Zergling Baneling 

Get SALT Encoding   

  12  0:02  Drone  
  13  0:08  Drone  
  14  0:16  Drone, Extractor  
  15  0:28  Drone, Extractor x2  
  14  0:30  Drone, Extractor  
  16  0:43  Spawning Pool  
  15  0:51  Overlord  
  15  0:57  Extractor  
  15  0:59  Extractor  
  15  1:01  Drone  
  15  1:09  Drone x2  
  18  1:17  Drone  
  19  1:30  Queen  
  19  1:32  Metabolic Boost  
  21  1:35  Drone  
  22  1:57  Hatchery  
  22  2:01  Overlord  
  21  2:04  Drone  
  22  2:13  Baneling Nest  
  21  2:16  Zergling x2  
  21  2:22  Zergling x2  
  24  2:30  Zergling x2  
  24  2:31  Queen  
  24  2:34  Overlord  
  26  2:41  Zergling x2  
  26  2:42  Zergling x2  
  28  2:47  Zergling x2  
  29  2:53  Zergling x2  
  30  3:01  Zergling x2  
  31  3:18  Zergling x6  
  31  3:19  Zergling x4  
  36  3:24  Baneling x3  
  36  3:25  Baneling x3  
  36  3:32  Drone  
  36  3:33  Roach Warren  
  36  3:35  Drone  
  35  3:53  Zergling x2  
  35  3:54  Zergling x8  
  38  3:58  Zergling x2  
  38  3:59  Zergling x2  
  38  4:01  Zergling x2  
  37  4:04  Zergling x2  
  36  4:22  Drone x3  
  36  4:23  Drone x2  
  41  4:26  Baneling x4  
  41  4:28  Baneling  
  41  4:29  Baneling  
  41  4:42  Drone x3  
  44  4:47  Extractor  
  38  4:59  Baneling x3  
  38  5:00  Baneling  
  38  5:01  Drone x4  
  38  5:02  Drone  
  38  5:03  Overlord  
  43  5:08  Extractor  
  43  5:10  Drone, Extractor  
  43  5:11  Drone  
  45  5:25  Drone x2  
  45  5:26  Drone  
  45  5:27  Drone x2  
  50  5:29  Drone  
  50  5:30  Overlord x2  
  51  5:38  Baneling  
  51  5:39  Baneling x2  
  51  5:46  Hatchery  
  50  5:51  Lair  
  50  5:53  Drone x2  
  50  5:54  Drone  
  53  6:01  Drone x2  
  53  6:02  Drone x2  
  53  6:03  Drone  
  55  6:14  Overlord, Extractor  
  55  6:16  Drone, Extractor  
  55  6:17  Drone x4  
  58  6:21  Queen  
  60  6:28  Drone x4  
  60  6:29  Drone x2  
  66  6:37  Roach x2  
  70  6:42  Evolution Chamber x2  
  68  6:48  Drone  
  68  6:49  Drone  
  70  7:06  Roach x3  
  76  7:09  Glial Reconstitution  
  76  7:12  Zerg Missile Weapons Level 1  
  76  7:13  Zerg Ground Armor Level 1  
  76  7:15  Overlord  
  76  7:22  Roach x3, Extractor  
  81  7:24  Overlord, Extractor  
  81  7:25  Overlord x3  
  81  7:26  Overlord  
  80  7:31  Drone x2  
  82  7:39  Drone x2  
  82  7:40  Drone  
  82  7:41  Hydralisk Den  
  84  7:45  Roach x5  
  84  7:46  Roach  
  96  7:52  Overseer  
  96  7:55  Drone x3  
  96  7:56  Drone  
  96  7:57  Overlord  
  100  8:04  Roach x3  
  106  8:19  Lurker Den  
  105  8:24  Hatchery  
  105  8:25  Hydralisk  
  105  8:26  Hydralisk x5  
  114  8:28  Overlord  
  114  8:31  Muscular Augments  
  116  8:40  Hydralisk x3  
  122  8:43  Drone x4  
  122  8:45  Drone  
  127  8:50  Overlord  
  129  8:55  Drone x5  
  129  8:56  Drone  
  129  8:59  Queen  
  135  9:09  Infestation Pit  
  134  9:11  Extractor  
  134  9:12  Zerg Ground Armor Level 2  
  134  9:15  Drone x2  
  134  9:16  Drone  
  137  9:24  Drone  
  137  9:25  Drone x2  
  137  9:27  Extractor  
  137  9:31  Overlord  
  138  9:39  Hydralisk x5  
  138  9:40  Hydralisk x3  
  154  9:48  Overlord  
  154  9:49  Overlord x3  
  154  9:56  Pneumatized Carapace, Hive  
  154  10:00  Drone x4  
  158  10:07  Zergling x2  
  158  10:08  Zergling x10  
  158  10:14  Overseer  
  164  10:23  Spore Crawler  
  164  10:24  Spore Crawler  
  164  10:28  Drone x5  
  167  10:38  Hatchery  
  166  10:43  Lurker x3  
  166  10:44  Lurker x3  
  166  10:48  Overlord  
  172  11:00  Lair  
  168  11:04  Lurker Den  
  168  11:06  Hydralisk Den  
  168  11:10  Spawning Pool  
  164  11:13  Hydralisk  
  164  11:14  Hydralisk x15  
  196  11:34  Lurker x4  
  196  11:38  Grooved Spines  
  200  11:46  Evolution Chamber x2  
  198  12:01  Lurker x2  
  200  12:13  Overlord  
  200  12:23  Overlord  
  200  12:25  Hatchery  
  199  12:31  Zerg Missile Weapons Level 2  
  199  12:33  Infestation Pit, Overlord  
  198  12:38  Hydralisk  
  198  12:40  Overlord  
  200  12:56  Hatchery  
  199  13:02  Overlord  
  199  13:03  Extractor  
  199  13:04  Extractor  
  197  13:09  Hive  
  198  13:20  Overlord  
  198  13:23  Overseer  
  197  13:43  Hatchery  
  197  13:44  Hatchery  
  197  13:46  Zerg Melee Weapons Level 1  
  195  14:03  Spire  
  195  14:04  Drone x5  
  195  14:05  Spire  
  195  14:07  Hatchery  
  195  14:36  Lurker  
  195  14:37  Lurker x3  
  199  14:44  Spine Crawler  
  199  14:45  Zerg Ground Armor Level 3  
  198  14:46  Spore Crawler  
  198  14:48  Drone, Zerg Missile Weapons Level 3  
  198  14:51  Adaptive Talons  
  171  15:01  Lurker  
  171  15:02  Lurker x11  
  171  15:06  Overlord  
  180  15:12  Overlord  
  180  15:21  Zerg Flyer Armor Level 1  
  180  15:23  Greater Spire  
  180  15:26  Overlord  
  180  15:28  Adrenal Glands  
  180  15:29  Extractor  
  180  15:30  Overlord, Extractor  
  180  15:33  Overlord  
  178  15:43  Overlord  
  178  15:49  Extractor x2  
  176  15:55  Extractor x2  
  174  15:58  Extractor x2  
  174  16:01  Seismic Spines  
  172  16:05  Zerg Melee Weapons Level 2  
  169  16:15  Lurker  
  169  16:16  Lurker x5  
  166  16:18  Hydralisk  
  166  16:19  Hydralisk x3  
  174  16:25  Overlord  
  168  16:40  Zerg Flyer Weapons Level 1  
  168  16:44  Overlord  
  137  17:08  Overseer x2  
  137  17:09  Overseer x2  
  137  17:23  Overlord  
  137  17:28  Zerg Flyer Armor Level 2  
  137  17:41  Overlord  
  137  17:49  Overlord  
  137  18:03  Mutalisk x2  
  137  18:04  Mutalisk x5  
  151  18:12  Burrow  
  151  18:16  Hatchery  
  150  18:25  Overlord  
  150  18:27  Zerg Melee Weapons Level 3  
  142  18:46  Lurker  
  142  18:47  Lurker x3  
  146  18:48  Viper x3  
  146  18:49  Viper  
  146  18:54  Overlord  
  158  18:58  Lair  
  158  19:01  Overlord x2  
  158  19:02  Nydus Network  
  157  19:12  Corruptor x2  
  157  19:13  Corruptor x4  
  166  19:37  Corruptor x3  
  166  19:38  Corruptor x4  
  161  20:03  Zerg Flyer Armor Level 3  
  161  20:04  Zerg Flyer Weapons Level 2  
  157  20:14  Lair  
  157  20:32  Brood Lord x4  
  157  20:33  Brood Lord x2  
  157  20:34  Corruptor  
  157  20:35  Corruptor x4  
  179  20:43  Drone x3  
  155  21:29  Viper  
  155  21:30  Viper x4  
  161  21:51  Nydus Canal  
  161  21:59  Overlord  
  161  22:00  Overseer  
  161  22:07  Nydus Network  
  160  22:35  Nydus Canal  
  160  22:42  Overlord  
  160  22:46  Zerg Flyer Weapons Level 3  
  157  22:54  Brood Lord  
  157  22:55  Brood Lord x11  
  175  22:59  Hatchery  
  175  23:03  Nydus Canal  
  165  23:19  Corruptor x5, Mutalisk  
  173  23:20  Corruptor x4  
  185  23:48  Nydus Canal  
  173  24:06  Corruptor  
  173  24:07  Corruptor x5  
  173  24:13  Corruptor x3  
  173  24:14  Corruptor x2  
  167  24:24  Brood Lord x5  
  155  24:42  Drone x13  
  168  24:49  Brood Lord  
  169  25:15  Brood Lord  
  169  25:16  Brood Lord x2  
  169  25:31  Brood Lord  
  169  25:32  Brood Lord x4  
  169  25:33  Corruptor  
  169  25:34  Corruptor x5  
  183  25:39  Drone x6  
  183  25:40  Drone  
  186  25:56  Brood Lord x3  
  187  26:05  Hydralisk x6  
  179  26:18  Zergling x8  
  182  26:19  Zergling x6  
  184  26:28  Zergling x2  
  184  26:29  Zergling x36  
  184  26:30  Zergling x2  
  190  26:39  Zergling x2  
  180  26:40  Zergling x10  
  183  26:48  Overlord  
  171  27:10  Ultralisk Cavern  
  156  27:23  Drone x4  
  156  27:24  Overlord  
  157  27:36  Drone x11  
  157  27:37  Drone x6  
  174  27:48  Drone x7  
  174  28:01  Hatchery  
  174  28:05  Hatchery  
  140  28:12  Hatchery  
  135  28:30  Drone x2  
  135  28:33  Extractor  
  136  28:35  Extractor  
  136  28:37  Drone x4  
  136  28:38  Drone  
  136  28:40  Hatchery  
  139  28:52  Drone x2  
  139  28:53  Drone  
  142  28:57  Hydralisk  
  142  28:58  Hydralisk x19  
  142  28:59  Extractor  
  142  29:00  Extractor  
  180  29:10  Overseer x2  
  180  29:11  Overseer x2  
  180  29:23  Lurker x2  
  178  29:37  Lurker  
  178  29:38  Lurker x2  
  181  29:39  Lurker  
  179  29:49  Lurker  
  175  30:40  Lurker  
  175  30:41  Lurker x8  
  184  30:43  Overlord  
  184  30:45  Drone x15  
  193  30:58  Extractor  
  193  30:59  Hydralisk, Extractor  
  193  31:00  Hydralisk x3  
  199  31:05  Overlord  
  199  31:07  Chitinous Plating  
  199  31:39  Overlord  
  199  31:48  Overlord  
  169  33:51  Hydralisk x9  
  169  33:52  Hydralisk x6  
  199  33:59  Viper x4  
  199  34:00  Viper x2  
  199  34:11  Overlord  
  199  34:47  Overlord  
  199  34:49  Spore Crawler  
  199  34:50  Spine Crawler  
  199  34:51  Spine Crawler  
  190  34:53  Spore Crawler  
  190  34:55  Spore Crawler  
  190  34:56  Spore Crawler  
  187  35:00  Spine Crawler  
  186  35:07  Overlord  
  186  35:15  Drone x3  
  186  35:20  Spine Crawler  
  186  35:21  Spine Crawler  
  187  35:22  Spine Crawler, Spore Crawler  
  187  35:23  Spore Crawler  
  184  35:34  Lurker  
  184  35:35  Lurker x14  
  197  35:37  Overlord  
  199  35:47  Overlord  
  199  35:54  Spore Crawler  
  199  35:55  Spore Crawler, Overlord  
  199  35:56  Spore Crawler  
  196  36:00  Spine Crawler  
  196  36:02  Drone x3  
  198  36:04  Spore Crawler  
  198  36:05  Spore Crawler  
  198  36:06  Spine Crawler, Overlord, Spore Crawler  
  198  36:07  Spore Crawler  
  193  36:17  Overlord  
  193  36:23  Queen  
  195  36:31  Lair  
  195  36:52  Overlord  
  195  37:04  Overseer x3  
  195  37:05  Overseer  
  195  37:13  Overlord  
  195  37:28  Nydus Network  
  195  37:29  Nydus Network  
  193  37:42  Overlord  
  184  38:15  Zergling x2  
  184  38:16  Zergling x8  
  184  38:17  Zergling x8  
  193  39:08  Overlord  
  193  39:17  Baneling Nest  
  191  40:17  Spine Crawler x2, Overlord  
  191  40:18  Spine Crawler  
  188  40:24  Baneling  
  188  40:25  Baneling x23  
  188  40:26  Baneling x14  
  188  40:44  Spine Crawler, Overlord  
  188  40:48  Drone  
  188  40:49  Drone x12  
  200  40:59  Spine Crawler  
  200  41:00  Spine Crawler  
  192  41:06  Spine Crawler  
  192  41:10  Spore Crawler  
  169  41:11  Spine Crawler  
  169  41:12  Spine Crawler  
  167  41:21  Hydralisk x7  
  167  41:22  Hydralisk x14  
  188  41:33  Lurker  
  188  41:34  Lurker x4  
  188  41:36  Hydralisk x6  
  182  41:50  Lurker x15  
  182  41:51  Lurker x3  
  192  42:26  Corruptor x3  
  192  42:27  Corruptor  
  172  43:09  Ultralisk  
  172  43:10  Ultralisk x4  
  172  43:11  Corruptor, Mutalisk  
  167  44:15  Overlord  
  167  44:26  Hatchery  
  166  44:38  Hatchery  
  162  45:03  Swarm Host x9  
  162  45:04  Swarm Host x3  
  198  45:15  Spore Crawler  
  198  45:19  Hydralisk  
  199  45:21  Overlord  
  195  45:31  Hydralisk  
  195  45:32  Hydralisk x7  
  168  45:45  Spawning Pool  
  109  46:21  Overseer x6  
  107  46:30  Overseer x6  
  57  46:52  Hydralisk Den  
  46  47:28  Hydralisk  
  46  47:29  Hydralisk x14  
  72  47:40  Hydralisk x3  
  72  47:41  Hydralisk x2  
  82  47:49  Spore Crawler  
  81  47:51  Hydralisk x3  
  81  47:52  Hydralisk x7, Spore Crawler x2  
  88  48:19  Hydralisk  
  86  48:23  Zergling x2  
  86  48:24  Zergling x18  
  97  48:36  Zergling x4  
  96  48:46  Spore Crawler  
  96  48:47  Spore Crawler  
  81  48:50  Spore Crawler x2  
Show
View Real Time Build Order
Export as new Build Order

TerranEZrace Zerg - Winner!

Build Orders: Hatch First, Lurkers 

Get SALT Encoding   

  12  0:02  Drone  
  13  0:10  Drone  
  14  0:21  Drone, Extractor x2  
  14  0:22  Drone  
  16  0:44  Hatchery  
  15  0:59  Spawning Pool  
  14  1:04  Overlord  
  14  1:24  Drone x2  
  14  1:25  Drone  
  17  1:37  Drone  
  18  1:52  Queen  
  20  1:58  Hatchery  
  19  2:02  Queen  
  21  2:14  Drone x3  
  24  2:20  Drone x2  
  24  2:21  Drone  
  27  2:30  Spine Crawler  
  27  2:34  Spine Crawler  
  25  2:39  Drone  
  25  2:41  Drone  
  25  2:44  Drone  
  28  3:01  Spine Crawler  
  28  3:02  Drone  
  28  3:05  Overlord  
  28  3:09  Queen  
  28  3:10  Spine Crawler  
  29  3:23  Evolution Chamber  
  29  3:24  Evolution Chamber  
  29  3:26  Drone x3  
  29  3:27  Drone  
  31  3:33  Drone x2  
  33  3:43  Drone x3  
  35  3:59  Spine Crawler  
  35  4:00  Spine Crawler  
  35  4:01  Spine Crawler  
  30  4:06  Spine Crawler  
  30  4:07  Spine Crawler  
  26  4:15  Evolution Chamber  
  25  4:22  Drone x5  
  28  4:24  Drone  
  29  4:34  Drone x4  
  27  4:58  Drone x4  
  31  5:02  Queen  
  31  5:04  Queen  
  35  5:13  Drone x2, Extractor x2  
  35  5:22  Evolution Chamber  
  34  5:29  Drone x2  
  36  5:50  Overlord  
  36  5:51  Overlord  
  36  5:56  Hatchery, Extractor  
  34  5:58  Extractor  
  34  6:03  Drone x2  
  34  6:04  Drone  
  36  6:10  Overlord  
  36  6:11  Overlord  
  36  6:15  Evolution Chamber  
  35  6:19  Drone x3, Extractor x2  
  36  6:35  Drone x4  
  36  6:36  Drone  
  41  6:43  Lair  
  41  6:55  Drone x2  
  41  6:57  Drone x2  
  41  6:58  Drone  
  41  6:59  Drone  
  47  7:08  Queen  
  47  7:10  Drone  
  47  7:13  Drone  
  47  7:14  Drone  
  52  7:16  Drone  
  52  7:20  Drone  
  52  7:21  Drone  
  55  7:32  Drone x2  
  57  7:41  Overseer  
  57  7:45  Spine Crawler  
  57  7:46  Spine Crawler, Spore Crawler  
  57  7:47  Spine Crawler, Spore Crawler  
  57  7:50  Spore Crawler  
  53  7:54  Drone x3  
  56  7:59  Spore Crawler  
  56  8:01  Spore Crawler  
  56  8:02  Spore Crawler  
  56  8:03  Drone x2  
  56  8:04  Drone x4  
  59  8:08  Drone x2  
  59  8:10  Drone  
  62  8:22  Hydralisk Den  
  61  8:30  Drone  
  61  8:31  Drone  
  63  8:39  Nydus Network  
  62  8:43  Spore Crawler  
  62  8:45  Drone x4, Spore Crawler  
  64  8:51  Drone x5  
  69  8:59  Hydralisk x2  
  73  9:06  Overlord x4  
  73  9:07  Infestation Pit, Overlord  
  72  9:12  Queen  
  74  9:21  Lurker Den  
  73  9:26  Spore Crawler  
  72  9:34  Hydralisk x4  
  72  9:35  Hydralisk x2  
  72  9:37  Hydralisk  
  86  9:43  Drone x2  
  86  9:44  Drone x3  
  91  9:51  Overlord  
  91  9:52  Overlord x3  
  91  9:53  Overlord  
  91  10:04  Hive  
  91  10:18  Lurker  
  91  10:19  Lurker x6  
  91  10:20  Lurker x2  
  100  10:22  Drone x7  
  107  10:35  Nydus Canal  
  107  10:44  Hydralisk x2  
  107  10:45  Hydralisk x3  
  117  11:07  Hydralisk  
  117  11:08  Hydralisk x5  
  129  11:47  Overlord x3  
  129  11:48  Overlord x3  
  129  12:01  Nydus Canal  
  122  12:33  Lurker x5  
  122  12:35  Zerg Missile Weapons Level 1  
  127  12:40  Lurker x6  
  133  13:00  Seismic Spines  
  130  13:41  Viper x6  
  130  13:42  Viper  
  130  13:43  Viper x3  
  130  13:46  Overseer  
  130  13:48  Pneumatized Carapace  
  160  14:10  Metabolic Boost  
  160  14:29  Zerg Missile Weapons Level 2  
  160  15:26  Spine Crawler, Spore Crawler  
  160  15:27  Spore Crawler  
  157  15:31  Spore Crawler  
  157  15:32  Spore Crawler  
  157  15:34  Spore Crawler  
  154  15:36  Overseer, Spore Crawler  
  154  15:38  Zerg Melee Weapons Level 1  
  154  15:39  Spore Crawler  
  154  15:41  Spore Crawler x2  
  150  15:43  Spore Crawler  
  150  15:44  Spore Crawler  
  150  15:46  Spore Crawler  
  147  16:16  Overseer  
  147  16:47  Spore Crawler  
  147  16:48  Spore Crawler x2  
  147  16:49  Spore Crawler  
  147  16:50  Spore Crawler  
  147  16:51  Spore Crawler  
  147  16:52  Spore Crawler  
  135  17:12  Zerg Missile Weapons Level 3  
  135  17:32  Zergling x12  
  135  17:33  Zergling x34  
  158  17:40  Hatchery  
  157  17:58  Spore Crawler  
  156  17:59  Spore Crawler, Hatchery  
  156  18:00  Spore Crawler  
  156  18:03  Spore Crawler  
  152  18:08  Zergling x2  
  152  18:09  Zergling x10  
  152  18:11  Adrenal Glands  
  158  18:13  Zerg Melee Weapons Level 2  
  158  18:55  Queen  
  158  18:57  Queen  
  158  18:59  Zergling x2  
  158  19:00  Zergling x18  
  172  19:05  Drone  
  173  19:18  Spore Crawler  
  173  19:19  Spore Crawler  
  173  19:20  Drone x2, Spore Crawler  
  173  19:21  Spore Crawler x3  
  173  19:22  Spore Crawler x2  
  173  19:23  Spore Crawler x2  
  165  19:53  Viper x2  
  171  20:04  Drone x4  
  175  20:49  Spore Crawler  
  174  20:51  Spine Crawler  
  174  20:54  Spore Crawler  
  172  20:58  Spore Crawler  
  172  21:01  Spore Crawler  
  170  21:11  Zerg Melee Weapons Level 3, Extractor x2  
  166  21:44  Queen x3  
  166  21:45  Queen  
  174  21:47  Zergling x2  
  174  21:48  Zergling x12  
  181  22:33  Zergling x2  
  181  22:34  Zergling x4  
  181  22:35  Overlord x3  
  181  22:36  Overlord x3  
  173  24:24  Queen  
  173  24:25  Queen x2  
  179  24:39  Drone  
  179  24:40  Drone x12  
  179  24:41  Zergling x2  
  179  24:42  Zergling x14  
  200  25:14  Spore Crawler  
  200  25:16  Spore Crawler x3  
  196  25:27  Spore Crawler x2  
  194  25:29  Spore Crawler x2  
  192  25:40  Nydus Canal  
  192  25:48  Nydus Network  
  191  25:57  Nydus Canal  
  173  26:34  Nydus Canal  
  173  26:39  Zergling x26  
  134  27:44  Spore Crawler x2  
  133  27:45  Spore Crawler  
  133  27:46  Spore Crawler  
  133  27:49  Hydralisk x5  
  133  27:50  Hydralisk x4  
  146  28:18  Lurker x6  
  146  28:19  Lurker x2  
  154  28:29  Lurker  
  155  28:34  Spore Crawler  
  155  28:35  Spine Crawler  
  155  28:36  Spore Crawler  
  155  28:37  Spore Crawler  
  151  29:53  Hatchery  
  150  30:09  Spore Crawler  
  150  30:10  Spore Crawler  
  148  30:14  Spore Crawler x2  
  148  30:17  Spore Crawler  
  148  30:20  Spore Crawler x3  
  148  30:21  Spore Crawler x3  
  141  30:24  Spore Crawler  
  142  30:57  Drone x10  
  148  31:28  Drone x5  
  153  31:43  Spire  
  153  32:06  Spire  
  152  33:19  Drone x7  
  160  33:20  Drone x3  
  160  33:21  Extractor  
  160  33:23  Extractor  
  160  33:27  Zerg Flyer Weapons Level 1  
  160  34:27  Drone  
  160  34:28  Drone x3  
  160  34:29  Drone  
  165  35:44  Zerg Flyer Weapons Level 2  
  165  37:24  Zergling x2  
  165  37:25  Zergling x42  
  165  37:26  Zergling x26  
  200  37:31  Zerg Ground Armor Level 1  
  165  40:43  Overseer x2  
  165  40:48  Zerg Flyer Weapons Level 3  
  111  43:30  Zerg Flyer Armor Level 1  
  111  43:32  Mutalisk x13  
  111  43:33  Mutalisk x29  
  111  43:34  Mutalisk x2  
  187  43:48  Spine Crawler  
  187  43:49  Spine Crawler x2  
  187  43:50  Spine Crawler  
  174  44:01  Mutalisk  
  174  44:02  Mutalisk x6  
  182  44:03  Mutalisk x5  
  198  44:43  Overseer x4  
  181  45:36  Mutalisk  
  181  45:37  Mutalisk x6  
  181  45:38  Mutalisk x2  
  177  47:22  Mutalisk x3  
  177  47:23  Mutalisk x6  
Tags
 
Add a new tag
Caveats
  • Supply blocks, unpowered buildings, or Contaminate may cause inaccurate times.
  • Supply counts are checked every 10 seconds.